 Dungeon Crawl Stone Soup version 0.29-a0-1008-g949cc1d0fb (webtiles) character file.

Game seed: 640403974130655723

177 vurker the Cutter (level 5, -10/42 HPs)
             Began as a Minotaur Enchanter on Aug 7, 2022.
             Mangled by an ogre
             ... wielding a +0 giant club
              (15 damage)
             ... on level 4 of the Dungeon.
             The game lasted 00:03:55 (3963 turns).

vurker the Cutter (Minotaur Enchanter)              Turns: 3963, Time: 00:03:56

Health: -10/42     AC:  8    Str: 15    XL:     5   Next: 30%
Magic:  6/6        EV:  7    Int: 12    God:
Gold:   184        SH:  0    Dex: 10    Spells: 6/6 levels left

rFire   + . .      SeeInvis .   g - +0 short sword
rCold   . . .      Faith    .   (no shield)
rNeg    . . .      Spirit   .   k - +0 chain mail
rPois   .          Reflect  .   (helmet restricted)
rElec   +          Harm     .   (no cloak)
rCorr   .          Rampage  .   (no gloves)
Will    .....                   (no boots)
Stlth   ..........              (no amulet)
HPRegen 0.14/turn               h - ring of Idealism {rElec rF+}
MPRegen 0.10/turn               (no ring)

@: no status effects
A: horns 2, retaliatory headbutt
a: no special abilities


You were on level 4 of the Dungeon.
You visited 1 branch of the dungeon, and saw 4 of its levels.

You collected 184 gold pieces.

Inventory:

Hand Weapons
 g - a +0 short sword (weapon)
   (You took it off a kobold on level 1 of the Dungeon)
 p - the +6 whip of Interdependent Arising {vorpal, rF+ Int+3}
   (You found it on level 3 of the Dungeon)

   It inflicts extra damage upon your enemies.
   Int:       It affects your intelligence (+3).
   rF:        It protects you from fire.
Armour
 k - a +0 chain mail (worn)
   (You found it on level 2 of the Dungeon)
Jewellery
 h - the ring of Idealism (left hand) {rElec rF+}
   (You found it on level 2 of the Dungeon)

   [ring of protection from fire]

   rF:        It protects you from fire.
   rElec:     It insulates you from electricity.
Scrolls
 b - 2 scrolls of teleportation
 l - a scroll of magic mapping
 n - a scroll of summoning
Potions
 a - 4 potions of curing
 c - a potion of invisibility
 f - a potion of flight {unknown}
 i - a potion of haste {unknown}
 j - a potion of resistance {unknown}
 m - a potion of lignification {unknown}
 o - a potion of degeneration {unknown}


   Skills:
 + Level 2.5 Fighting
 * Level 3.6 Short Blades
 + Level 2.5 Armour
 + Level 3.3 Dodging
 - Level 2.4 Stealth
 - Level 1.3 Spellcasting
 - Level 2.0 Hexes


You had 6 spell levels left.
You didn't know any spells.
Your spell library contained the following spells:

 Spells                   Type           Power      Damage    Failure   Level
 Ensorcelled Hibernation  Hex/Ice        6%         N/A       99%         2
 Passwall                 Tmut/Erth      0%         N/A       100%        2
 Confusing Touch          Hex            5%         N/A       100%        3
 Conjure Flame            Conj/Fire      0%         6-21      100%        3
 Dazzling Flash           Conj/Hex       6%         N/A       100%        3
 Ignite Poison            Fire/Tmut/Pois 0%         N/A       100%        3
 Ozocubu's Armour         Ice            0%         N/A       100%        3
 Swiftness                Air            0%         N/A       100%        3
 Tukima's Dance           Hex            5%         N/A       100%        3
 Sticky Flame             Conj/Fire      0%         2d3       100%        4
 Freezing Cloud           Conj/Ice/Air   0%         6-21      100%        5
 Shatter                  Erth           0%         3d5*      100%        9


Dungeon Overview and Level Annotations

Branches:
Dungeon (4/15)
 Temple: D:4-7

Altars:

Shops:
D:2 :   D:3 !


Innate Abilities, Weirdness & Mutations

You have a pair of horns on your head.
You reflexively headbutt those who attack you in melee.


Message History

You feel better.
The orc wizard hits you but does no damage.
The orc hits you but does no damage.
You fade into invisibility!
The orc wizard gestures at you while chanting.
You resist with some effort. The orc barely misses you.
You closely miss the orc wizard. Your headbutt misses the orc wizard.
The orc wizard points at you and mumbles some strange words.
You resist with some effort. The orc hits you with a +0 flail.
* * * LOW HITPOINT WARNING * * *
You barely miss the orc wizard.
The orc wizard hits you but does no damage.
You hit the orc wizard.
You kill the orc wizard!
You closely miss the orc. You headbutt the orc, but do no damage.
The orc closely misses you. You furiously retaliate!
You headbutt the orc. You closely miss the orc. Your headbutt misses the orc.
The orc hits you with a +0 flail.
* * * LOW HITPOINT WARNING * * *
You barely miss the orc. You headbutt the orc.
You kill the orc!
You start resting.
You flicker for a moment.
You start resting.
You flicker back into view.
You start resting.
You climb downwards.
There is a stone staircase leading up, spattered with blood here.
An ogre comes into view. It is wielding a +0 giant club.
An ogre is nearby!
You completely miss the ogre. The ogre barely misses you.
You hit the ogre. You headbutt the ogre.
The ogre hits you with a +0 giant club!
You hit the ogre. You hit the ogre but do no damage.
The ogre hits you with a +0 giant club!!
* * * LOW HITPOINT WARNING * * *
You aren't carrying any items that you can evoke.
You hit the ogre. Your headbutt misses the ogre. You hit the ogre.
The ogre barely misses you.
You hit the ogre. You headbutt the ogre.
The ogre hits you with a +0 giant club!
* * * LOW HITPOINT WARNING * * *
You hit the ogre. You headbutt the ogre. You hit the ogre but do no damage.
The ogre closely misses you.
You hit the ogre but do no damage. You barely miss the ogre.
The ogre barely misses you. You furiously retaliate!
You headbutt the ogre. You barely miss the ogre.
The ogre hits you with a +0 giant club!
You die...

#. ....# #..#...#
#P.#...# ...#...#
......+ ......#
#.#O..#......
#.+@..#......
#.#...#.o....
########..####......
....................
#...................
#......<............
#...................
#...................
+........#'###..<...


You could see an ogre.

Vanquished Creatures
  An iguana (D:3)
  An orc wizard (D:3)
  6 adders
  A dart slug (D:2)
  3 orcs (D:3)
  7 endoplasms
  5 goblins
  5 hobgoblins
  15 jackals
  5 kobolds
  2 quokkas (D:3)
  3 ball pythons
  3 bats
  4 frilled lizards
  6 rats
67 creatures vanquished.

Vanquished Creatures (others)
  A plant (D:4)
1 creature vanquished.

Grand Total: 68 creatures vanquished

Notes
Turn   | Place    | Note
-------+----------+-------------------------------------------
     0 | D:1      | vurker the Minotaur Enchanter began the quest for the Orb.
     0 | D:1      | Reached XP level 1. HP: 14/14 MP: 1/1
   115 | D:1      | Found a faded altar of an unknown god.
   519 | D:1      | Reached XP level 2. HP: 20/22 MP: 3/3
   801 | D:1      | Reached skill level 1 in Armour
   808 | D:1      | Reached skill level 1 in Fighting
  1022 | D:1      | Reached XP level 3. HP: 25/28 MP: 4/4
  1486 | D:2      | You fall into a shaft and drop 1 floor!
  1904 | D:2      | Identified the ring of Idealism {rElec rF+}
  1994 | D:2      | Reached XP level 4. HP: 30/36 MP: 5/5
  2049 | D:2      | Got the Compendium of Snowy Silt
  2051 | D:2      | Found Fozoit's Book Shoppe.
  2703 | D:3      | Identified the +6 whip of Interdependent Arising {vorpal,
                  | rF+ Int+3}
  3000 | D:3      | Found Noav's Distillery.
  3280 | D:3      | HP: 1/36 [iguana (6)]
  3284 | D:3      | Reached XP level 5. HP: 2/42 MP: 6/6
  3948 | D:4      | Noticed an ogre
  3963 | D:4      | Mangled by an ogre

Illustrated notes

Levels and vault maps discovered:
D:1:      dpeg_arrival_yet_another_circle, layout_basic,
          shapermc_ecumenical_altar_venn
D:2:      layout_basic, serial_curves, eino_curves_04, eino_curves_03,
          serial_shops, shop
D:3:      layout_basic, serial_shops, shop
D:4:      corexii_shack_village, layout_gridville, hangedman_ru_absence,
          uniq_pikel, uniq_duvessa

Skill      XL: |  1  2  3  4 |
---------------+-------------+-----
Armour         | 1 2 |  2.5
Fighting       | 1 2 |  2.5
Short Blades   | 2 3 |  3.6
Dodging        | 3 |  3.3
Stealth        | |  2.4
Spellcasting   | |  1.3
Hexes          | |  2.0

Action                   |  1- 3 |  4- 6 || total
-------------------------+-------+-------++-------
Melee: Dagger            |    24 |       ||    24
       Short sword       |   102 |   115 ||   217
       Headbutt          |    23 |    17 ||    40
  Use: Scroll            |       |     5 ||     5
       Potion            |       |     2 ||     2
 Stab: Sleeping          |     3 |       ||     3
Armor: Robe              |     6 |       ||     6
       Ring mail         |    41 |       ||    41
       Chain mail        |    11 |    57 ||    68
Dodge: Dodged            |    79 |    29 ||   108

Table legend: (Time is in decaauts)
 A = Elapsed time spent in this place.
 B = Non-inter-level travel time spent in this place.
 C = Inter-level travel time spent in this place.
 D = Time resting spent in this place.
 E = Time spent auto-exploring this place.
 F = Levels seen in this place.
 G = Mean time per level.
                   A        B        C        D        E       F      G
               +--------+--------+--------+--------+--------+-----+--------+
         Total |   3956 |   3880 |     76 |    626 |   2685 |   4 |  989.0 |
       Dungeon |   3956 |   3880 |     76 |    626 |   2685 |   4 |  989.0 |
               +--------+--------+--------+--------+--------+-----+--------+

Top non-repeatable levels by time:
     D:3: 1735 daAuts
     D:1: 1471 daAuts
     D:2: 689 daAuts
     D:4: 59 daAuts
